 Dungeon Crawl Stone Soup version 0.22.0-38-g04b72b8 (webtiles) character file.

12 ultracola the Sneak (level 2, 11/11 HPs)
             Began as a Felid Enchanter on Aug 30, 2018.
             Quit the game on level 1 of the Dungeon.
             The game lasted 00:00:58 (799 turns).

ultracola the Sneak (Felid Enchanter)                Turns: 799, Time: 00:00:58

Health: 11/11      AC:  1    Str:  4    XL:     2   Next: 20%
Magic:  6/6        EV: 18    Int: 16    God:
Gold:   74         SH:  0    Dex: 16    Spells: 2/5 levels left
                                        Lives:  0   Deaths: 0

rFire    . . .     SeeInvis +     - Unarmed
rCold    . . .     Gourm    .   (shield unavailable)
rNeg     . . .     Faith    .   (armour unavailable)
rPois    .         Spirit   .   (helmet unavailable)
rElec    .         Reflect  .   (cloak unavailable)
rCorr    .         Harm     .   (gloves unavailable)
MR       .....                  (boots unavailable)
Stlth    +++.......             (no amulet)
HPRegen  0.03/turn              (no ring)
MPRegen  0.10/turn              (no ring)

@: quick
A: very small, no armour, no weapons or thrown items, stealth, claws 1, fangs 3,
see invisible, carnivore, speed 1, shaggy fur 1, slow metabolism 1, sharp paws
a: no special abilities


You were on level 1 of the Dungeon.
You were completely stuffed.

You visited 1 branch of the dungeon, and saw 1 of its levels.

You collected 74 gold pieces.

Inventory:

Scrolls
 a - 2 scrolls of immolation {unknown}
 c - a scroll of fog {unknown}
 e - a scroll of identify {unknown}
Comestibles
 b - 2 rations
 d - 4 chunks of flesh


   Skills:
 - Level 2.6 Dodging
 + Level 4.6 Stealth
 + Level 1.7 Unarmed Combat
 - Level 2.0 Spellcasting
 - Level 4.4 Hexes


You had 2 spell levels left.
You knew the following spells:

 Your Spells              Type           Power        Failure   Level  Hunger
a - Corona                Hex            ###....      3%          1    #......
b - Ensorcelled Hibernat  Hex/Ice        #.....       13%         2    ###....

Your spell library contained the following spells:

 Spells                   Type           Power        Failure   Level  Hunger
 Confuse                  Hex            ###.....     11%         3    ###....
 Tukima's Dance           Hex            ###.....     11%         3    ###....
 Dazzling Spray           Conj/Hex       #.....       26%         3    ###....


Dungeon Overview and Level Annotations

Branches:
Dungeon (1/15)

Altars:


Innate Abilities, Weirdness & Mutations

You cannot wear armour.
You are incapable of wielding weapons or throwing items.
Your paws allow you to move quietly. (Stealth)
You have sharp claws.
You have razor-sharp teeth.
You have supernaturally acute eyesight. (SInv)
You are carnivorous and can eat meat at any time.
You cover ground quickly.
You are covered in fur. (AC +1)
You have a slow metabolism.
Your sharp claws are effective at attacking unaware monsters.


Message History

No target in view!
No target in view!
You see here a dart slug corpse.
You butcher the dart slug corpse.
d - 7 chunks of flesh (gained 2)
Found a leather armour.
Some of the chunks of flesh in your inventory have rotted away.
There is a stone staircase leading down here.
A rat comes into view.
You pounce on the unaware helpless rat!
You claw the rat!
You kill the rat!
No target in view!
You see here a rat corpse.
You butcher the rat corpse.
d - 7 chunks of flesh (gained 1)
You see here a rat skeleton.
Some of the chunks of flesh in your inventory have rotted away.
Done exploring.
Done exploring.
Are you sure you want to abandon this character and quit the game? (Confirm with "yes".)

#
#.#.#.......##.######.#
# #.#.####.##.##.# #.# #
#...# #.##.##.######.#
###.# #.##.##........#
####.####.##.##.########
#............##.#
##.##.###...####.#
......# #.#......#
......###...####@#
.###.............# .#
#.############# .###.#
.....# ######


There were no monsters in sight!

Vanquished Creatures
  A dart slug (D:1)
  2 bats (D:1)
  2 goblins (D:1)
  2 hobgoblins (D:1)
  A kobold (D:1)
  2 rats (D:1)
10 creatures vanquished.

Notes
Turn   | Place    | Note
-------+----------+-------------------------------------------
     0 | D:1      | ultracola the Felid Enchanter began the quest for the Orb.
     0 | D:1      | Reached XP level 1. HP: 7/7 MP: 4/4
   490 | D:1      | Reached XP level 2. HP: 11/11 MP: 6/6
   494 | D:1      | Learned a level 2 spell: Ensorcelled Hibernation
   799 | D:1      | Quit the game

Action                   || total
-------------------------++-------
Melee: Unarmed           ||    29
       Bite              ||     3
 Cast: Corona            ||     2
 Stab: Sleeping          ||     5
  Eat: Chunk             ||     7
Dodge: Dodged            ||    17
